Map: [LOTV] build order

Players

Hoborg

  • Race: Terran Terran
  • Spawn Location: 9:00

VOD

Have the link to the VOD?

Description

Time

  • Played on: Sept. 2, 2018, 3:07 p.m.
  • Length: 5:37
Show
View Real Time Build Order
Export as new Build Order

Hoborg Terran 

Build Orders:  

Get SALT Encoding   

  6  0:01  SCV  
  13  0:13  SCV  
  14  0:20  Supply Depot  
  14  0:30  SCV  
  15  0:42  SCV  
  15  0:46  Barracks  
  16  0:56  SCV  
  17  0:57  Refinery  
  17  1:08  SCV  
  18  1:20  SCV  
  19  1:34  Orbital Command  
  19  1:45  Barracks Reactor  
  19  1:48  Command Center  
  19  1:59  SCV  
  20  2:07  Barracks  
  20  2:21  Marine  
  20  2:22  Marine  
  22  2:23  SCV  
  23  2:33  Supply Depot  
  23  2:38  Barracks  
  23  2:55  SCV, Barracks Tech Lab, Marine x2  
  26  3:03  Orbital Command  
  26  3:12  Marine x2  
  26  3:13  Marine  
  29  3:20  Stimpack  
  29  3:27  Barracks Reactor  
  29  3:30  Marine x2  
  31  3:36  Factory  
  31  3:45  Marine  
  31  3:46  Refinery  
  32  3:51  Supply Depot  
  32  4:14  Supply Depot  
  32  4:23  Starport  
  32  4:25  Factory Reactor  
  32  4:37  Supply Depot  
  32  5:01  Medivac  
  34  5:28  Engineering Bay  
Tags
 
Add a new tag
Caveats
  • Supply blocks, unpowered buildings, or Contaminate may cause inaccurate times.
  • Supply counts are checked every 10 seconds.